 Dungeon Crawl Stone Soup version 0.25.1-9-gc5326a611f (webtiles) character file.

Game seed: 10483017328448965295

3 Goreval the Magician (level 1, -2/11 HPs)
             Began as an Octopode Wizard on Jan 1, 2021.
             Slain by a hobgoblin
             ... wielding a +0 club
              (3 damage)
             ... on level 1 of the Dungeon.
             The game lasted 00:01:03 (152 turns).

Goreval the Magician (Octopode Wizard)               Turns: 152, Time: 00:01:03

Health: -2/11      AC:  1    Str:  6    XL:     1   Next: 50%
Magic:  2/4        EV: 13    Int: 20    God:
Gold:   12         SH:  0    Dex: 10    Spells: 5/6 levels left

rFire    . . .     SeeInvis .   (no weapon)
rCold    . . .     Gourm    .   (no shield)
rNeg     . . .     Faith    .   a - +0 hat
rPois    .         Spirit   .   (no amulet)
rElec    .         Reflect  .   (no ring)
rCorr    .         Harm     .   (no ring)
MR       .....                  (no ring)
Stlth    +++.......             (no ring)
HPRegen  0.03/turn              (no ring)
MPRegen  0.09/turn              (no ring)
                                (no ring)
                                (no ring)

@: very slightly contaminated
A: almost no armour, stealthy swim, amphibious, 8 rings, constrict 8, camouflage
1, gelatinous body 1
a: no special abilities


You were on level 1 of the Dungeon.
You were not hungry.

You visited 1 branch of the dungeon, and saw 1 of its levels.

You collected 12 gold pieces.

Inventory:

Armour
 a - a +0 hat (worn)
Comestibles
 c - 2 rations


   Skills:
 + Level 2.0 Dodging
 + Level 2.8 Stealth
 + Level 3.0 Spellcasting
 * Level 1.2 Conjurations
   Level 1.0 Summonings
   Level 1.0 Translocations


You had 5 spell levels left.
You knew the following spells:

 Your Spells              Type           Power        Failure   Level  Hunger
a - Magic Dart            Conj           #...         9%          1    None

Your spell library contained the following spells:

 Spells                   Type           Power        Failure   Level  Hunger
 Blink                    Tloc           N/A          14%         2    ##.....
 Call Imp                 Summ           #.......     14%         2    ##.....
 Slow                     Hex            #.......     22%         2    ##.....
 Conjure Flame            Conj/Fire      #.......     32%         3    ###....
 Mephitic Cloud           Conj/Pois/Air  #.......     36%         3    ###....


Dungeon Overview and Level Annotations

Branches:
Dungeon (1/15)

Altars:


Innate Abilities, Weirdness & Mutations

You cannot wear most types of armour.
You are very stealthy in the water. (Stealth+)
You are amphibious.
You can wear up to eight rings at the same time.
You can use your tentacles to constrict eight enemies at once.
Your skin changes colour to match your surroundings (Stealth+).
Your rubbery body absorbs attacks. (AC +1, EV +1)


Message History

Aim: a hobgoblin, wielding a +0 club The magic dart hits the hobgoblin.
The goblin barely misses you.
There is a stone staircase leading down here.
The hobgoblin hits you with a +0 club.
A goblin comes into view. It is wielding a +0 dagger.
The goblin shouts!
Aim: a hobgoblin, wielding a +0 club The magic dart hits the hobgoblin but does no damage.
The goblin hits you.
You closely miss the goblin. You grab the goblin. You constrict the goblin.
The goblin hits you.
You barely miss the goblin. You constrict the goblin.
The goblin hits you with a +0 dagger.
* * * LOW HITPOINT WARNING * * *
The hobgoblin barely misses you. The goblin misses you.
You tentacle-slap the goblin.
You kill the goblin!
The goblin barely misses you. The hobgoblin hits you with a +0 club.
You die...

... ######## ...# .## ##.......
#####>.## ..# ######....<...
........## #..##.............
.........## #..#...⌠....##+##.
..........# #.##........#...#.
..........# #.##........+8.8'.
..........# #)############'###
.....>....# ##@# #.###
.........J## #gg#### #####....
...g.......# ##g##.. ##..)...##
........#..###..##.#####..######
####.).g.#..##.###.##....##
#####.......##.....####
###........##### ###.#......#
#...#...#..#


You could see 2 hobgoblins and a goblin.

Vanquished Creatures
  A goblin (D:1)
  A hobgoblin (D:1)
  A bat (D:1)
3 creatures vanquished.

Notes
Turn   | Place    | Note
-------+----------+-------------------------------------------
     0 | D:1      | Goreval the Octopode Wizard began the quest for the Orb.
     0 | D:1      | Reached XP level 1. HP: 11/11 MP: 4/4
   152 | D:1      | Slain by a hobgoblin

Illustrated notes

Levels and vault maps discovered:
D:1:      giann_wishing_wells, layout_rooms, minmay_misc_feat_chi

Action                   || total
-------------------------++-------
Melee: Unarmed           ||     3
       Constrict         ||     1
 Cast: Magic Dart        ||     7
Dodge: Dodged            ||     4
